 Dungeon Crawl Stone Soup version 0.30-a0-23-ge60ba3568b (webtiles) character file.

Game seed: 15872906299989057735

274382 melkoren the Warrior (level 19, -7/169 HPs)
             Began as a Demonspawn Gladiator on Aug 25, 2022.
             Was the Champion of Qazlal.
             Killed from afar by a frost giant (20 damage)
             ... with a bolt of cold
             ... on level 4 of the Vaults on Aug 26, 2022.
             The game lasted 02:52:45 (42131 turns).

melkoren the Warrior (Demonspawn Gladiator)        Turns: 42131, Time: 02:52:46

Health: -7/169     AC: 36    Str: 22    XL:     19   Next: 91%
Magic:  26/26      EV:  7    Int:  7    God:    Qazlal [******]
Gold:   1474       SH:  8    Dex: 17    Spells: 18/22 levels left

rFire   + + +      SeeInvis .    u - +8 executioner's axe (flame) {rare}
rCold   + . .      Faith    .    (shield currently unavailable)
rNeg    . . .      Spirit   .    W - +2 gold dragon scales {rare}
rPois   +          Reflect  .    (helmet unavailable)
rElec   .          Harm     .    k - scarf {+Inv}
rCorr   +          Rampage  .    N - +1 pair of gloves of Beyond {rF+++ Regen+ Str+4 Int-3}
Will    ++...                    V - +2 pair of boots
Stlth   ..........               A - amulet of the acrobat
HPRegen 1.18/turn                Y - +4 ring of slaying
MPRegen 0.20/turn                P - ring of poison resistance

@: mighty, protected from physical damage, repel missiles
A: horns 3, yellow scales 3, ignite blood 2, spiny 2, dopey 1, strong-willed 1,
screaming 1, MP-powered wands
}: 1/15 runes: gossamer
a: Renounce Religion, Evoke Invisibility, Upheaval, Elemental Force, Disaster
Area


You were on level 4 of the Vaults.
You worshipped Qazlal.
Qazlal was exalted by your worship.
You visited 5 branches of the dungeon, and saw 31 of its levels.
You also visited: Ossuary, Gauntlet and Ice Cave.

You collected 3606 gold pieces.
You spent 2132 gold pieces at shops.


Innate Abilities, Weirdness & Mutations

You have a pair of large horns on your head.
You are completely covered in yellow scales. (AC +4, rCorr)
Your demonic aura often causes spilled blood to erupt in flames.
You are mostly covered in sharp spines.
You are dopey. (Int -2)
You are strong-willed. (Will+)
You occasionally shout uncontrollably at your foes.
You expend magic power (3 MP) to strengthen your wands.


   Skills:
 * Level 20.3 Fighting
 - Level 20.2 Axes
 - Level 1.7 Throwing
 + Level 15.8 Armour
 - Level 5.0 Dodging
 - Level 2.2 Spellcasting
 + Level 5.1 Translocations
 - Level 10.0 Invocations
 - Level 10.0 Evocations


You had 18 spell levels left.
You knew the following spells:

 Your Spells              Type           Power      Damage    Failure   Level
p - Passage of Golubria   Tloc           8%         N/A       100%        4

Your spell library contained the following spells:

 Spells                   Type           Power      Damage    Failure   Level
 Gell's Gravitas          Tloc           8%         N/A       99%         3
 Teleport Other           Tloc           8%         N/A       99%         3
 Beastly Appendage        Tmut           0%         N/A       100%        1
 Freeze                   Ice            0%         1d3       100%        1
 Magic Dart               Conj           0%         1d3       100%        1
 Sandblast                Erth           0%         2d4       100%        1
 Shock                    Conj/Air       0%         1d3       100%        1
 Sting                    Tmut/Pois      0%         1d3       100%        1
 Summon Small Mammal      Summ           0%         N/A       100%        1
 Call Imp                 Summ           0%         N/A       100%        2
 Passwall                 Tmut/Erth      0%         N/A       100%        2
 Poisonous Vapours        Pois/Air       0%         N/A       100%        2
 Wereblood                Tmut           0%         N/A       100%        2
 Call Canine Familiar     Summ           0%         N/A       100%        3
 Frozen Ramparts          Ice            0%         1d1       100%        3
 Mephitic Cloud           Conj/Pois/Air  0%         N/A       100%        3
 Ozocubu's Armour         Ice            0%         N/A       100%        3
 Spider Form              Tmut/Pois      0%         N/A       100%        3
 Stone Arrow              Conj/Erth      0%         3d7       100%        3
 Summon Guardian Golem    Hex/Summ       0%         N/A       100%        3
 Swiftness                Air            0%         N/A       100%        3
 Tukima's Dance           Hex            0%         N/A       100%        3
 Airstrike                Air            0%         2d(0-16)  100%        4
 Corpse Rot               Necr/Pois/Air  0%         N/A       100%        4
 Dispel Undead            Necr           0%         3d6       100%        4
 Hailstorm                Conj/Ice       0%         3d3       100%        4
 Leda's Liquefaction      Hex/Erth       0%         N/A       100%        4
 Olgreb's Toxic Radiance  Pois           0%         N/A       100%        4
 Summon Ice Beast         Ice/Summ       0%         N/A       100%        4
 Summon Lightning Spire   Summ/Air       0%         N/A       100%        4
 Iskenderun's Battlesphe  Conj           0%         2d6       100%        5
 Lee's Rapid Deconstruct  Erth           0%         3d5*      100%        5
 Metabolic Englaciation   Hex/Ice        0%         N/A       100%        5
 Silence                  Hex/Air        0%         N/A       100%        5
 Summon Forest            Summ/Tloc      2%         N/A       100%        5
 Summon Mana Viper        Hex/Summ       0%         N/A       100%        5
 Yara's Violent Unravell  Hex/Tmut       0%         3d3       100%        5
 Conjure Ball Lightning   Conj/Air       0%         3x3d6     100%        6
 Death Channel            Necr           0%         N/A       100%        6
 Dispersal                Tloc           4%         N/A       100%        6
 Iron Shot                Conj/Erth      0%         9d1       100%        6
 Simulacrum               Ice/Necr       0%         N/A       100%        6
 Statue Form              Tmut/Erth      0%         N/A       100%        6
 Summon Cactus Giant      Summ           0%         N/A       100%        6
 Malign Gateway           Summ/Tloc      2%         N/A       100%        7
 Monstrous Menagerie      Summ           0%         N/A       100%        7
 Ozocubu's Refrigeration  Ice            0%         4d7       100%        7
 Spellforged Servitor     Conj/Summ      0%         N/A       100%        7
 Storm Form               Tmut/Air       0%         N/A       100%        7
 Borgnjor's Revivificati  Necr           0%         N/A       100%        8
 Discord                  Hex            0%         N/A       100%        8
 Disjunction              Tloc           4%         N/A       100%        8
 Lehudib's Crystal Spear  Conj/Erth      0%         10d2      100%        8
 Maxwell's Capacitive Co  Air            0%         ∞         100%        8
 Necromutation            Tmut/Necr      0%         N/A       100%        8
 Summon Horrible Things   Summ           0%         N/A       100%        8
 Death's Door             Necr           0%         N/A       100%        9

Inventory:

Hand Weapons
 u - a +8 executioner's axe of flaming (weapon) {rare}
   (You acquired it on level 3 of the Dungeon)
 y - the +11 war axe of Wealth {antimagic, *Rage rElec rF++ Stlth+}
   (You found it on level 11 of the Dungeon)

   It reduces the magical energy of the wielder, and disrupts the spells and
   magical abilities of those it strikes.
   Natural abilities and divine invocations are not affected.
   rF:        It greatly protects you from fire.
   rElec:     It insulates you from electricity.
   *Rage:     It berserks you when you make melee attacks (+20% chance).
   Stlth:     It makes you more stealthy.
Missiles
 g - 22 boomerangs (quivered)
 v - 40 stones
 w - 2 curare-tipped darts {=f}
 O - 12 silver javelins
Armour
 k - a scarf of invisibility (worn)
   (You found it on level 8 of the Dungeon)
 m - +0 acid dragon scales
   (You found it on level 12 of the Dungeon)
 x - +1 storm dragon scales {rare}
   (You took it off Margery on level 2 of the Vaults)
 I - the +0 plate armour of the Hidden Vale {rC+ MP+9 Dex+4 Stlth+}
   (You found it on level 1 of the Lair of Beasts)

   Dex:       It affects your dexterity (+4).
   rC:        It protects you from cold.
   MP:        It affects your magic capacity (+9).
   Stlth:     It makes you more stealthy.
 N - the +1 pair of gloves of Beyond (worn) {rF+++ Regen+ Str+4 Int-3}
   (You found it in a Gauntlet)

   Str:       It affects your strength (+4).
   Int:       It affects your intelligence (-3).
   rF:        It renders you almost immune to fire.
   Regen:     It increases your rate of health regeneration.
 U - a +1 buckler of cold resistance
   (You found it on level 15 of the Dungeon)
 V - a +2 pair of boots (worn)
   (You found it in an ice cave)
 W - +2 gold dragon scales (worn) {rare}
   (You found it on level 4 of the Vaults)
Jewellery
 f - the ring of Levity {rCorr Int+2 SInv}
   (You found it on level 1 of the Spider Nest)

   [ring of see invisible]

   Int:       It affects your intelligence (+2).
   SInv:      It lets you see invisible.
   rCorr:     It protects you from acid and corrosion.
 A - an amulet of the acrobat (around neck)
   (You found it on level 4 of the Dungeon)
 E - a +4 ring of evasion
   (You found it on level 1 of the Vaults)
 G - an amulet of guardian spirit
   (You found it on level 2 of the Spider Nest)
 M - the ring of Bick {Str+6 Dex+4}
   (You bought it in a shop on level 14 of the Dungeon)

   [ring of strength]

   Str:       It affects your strength (+6).
   Dex:       It affects your dexterity (+4).
 P - a ring of poison resistance (right hand)
   (You took it off a meliai on level 3 of the Lair of Beasts)
 Y - a +4 ring of slaying (left hand)
   (You found it on level 10 of the Dungeon)
Wands
 e - a wand of mindburst (5)
   (You found it on level 4 of the Lair of Beasts)
 h - a wand of flame (39)
   (You found it on level 2 of the Lair of Beasts)
 i - a wand of quicksilver (5)
   (You found it on level 9 of the Dungeon)
 j - a wand of paralysis (23)
   (You found it on level 1 of the Dungeon)
 p - a wand of polymorph (12)
   (You found it on level 2 of the Lair of Beasts)
 q - a wand of digging (12)
   (You found it on level 2 of the Lair of Beasts)
 Z - a wand of iceblast (4)
   (You found it on level 8 of the Dungeon)
Scrolls
 b - 5 scrolls of fear
 c - 2 scrolls of vulnerability {!r!r}
 d - 8 scrolls of poison {!r}
 o - 34 scrolls of identify {@r1}
 z - 3 scrolls of immolation {!r!r}
 B - a scroll of silence {!r}
 C - 2 scrolls of blinking {!r}
 D - 5 scrolls of torment {!r}
 H - 4 scrolls of teleportation {@r4}
 L - a scroll of fog {unknown}
 S - 3 scrolls of magic mapping {!r}
Potions
 a - 6 potions of might
 l - 7 potions of curing {@q1}
 n - 9 potions of flight
 r - a potion of cancellation
 F - a potion of magic
 J - 5 potions of mutation {!q}
 K - 9 potions of attraction {!q}
 R - 4 potions of ambrosia
Miscellaneous
 s - a box of beasts
   (You found it on level 3 of the Spider Nest)
 t - a condenser vane
   (You found it on level 2 of the Lair of Beasts)
 Q - a piece from Xom's chessboard (15/15)
   (You found it on level 1 of the Spider Nest)
 X - a phantom mirror
   (You found it in a Gauntlet)

Dungeon Overview and Level Annotations

Branches:
Dungeon (15/15) Zot: 24827  Temple (0/1) D:6            Lair (5/5) D:10 Zot: 24301
 Shoals (0/4) Lair:2       Spider (4/4) Lair:3 Zot: 17736   Slime (0/5) Lair:4
    Orc (2/2) D:9 Zot: 8092     Elf (0/3) Orc:2        Vaults (5/5) D:14 Zot: 23211
  Crypt (0/3) Vaults:3    Ossuary (visited)           IceCv (visited)
Gauntlet (visited)
 Depths: D:15

Altars:
Hepliaklqana
Kikubaaqudgha
Qazlal
Trog
Vehumet
Wu Jian
Yredelemnul
Lugonu

Shops:
D:4 (   D:9 [   D:14 !!=   Orc:2 ([([[

Portals:
Abyss: Lair:5

Annotations:
D:15 exclusion: ice statue

...## ### ##......##...##.....
#.## ##.###
##....####...#..... #.#
#....####....# #....#..... ###
##..........## ######.....
###......### #.....
#########[###########.....
##...## #.§.#...#...#.....
##.....## #°C○#...#...#.....
##.......###@°[##.##...#.....
##....#....#####[....####.....
#....###....#..#.....#..#.....
#...## ##...#...........#.....
#....###....').#...D.#..'....#
##....#....#####....D####....#
##.......###...##.##.C.#....#
##..<..## #...#...#C[÷#....#
##...## #...#...#)D)'....#


You could see a frost giant.


Message History

* * * LOW HITPOINT WARNING * * *
😱 HP[-51]
You now have 165 max hp (+1).
You take 51 damage, and now have 25/165 hp.
MASSIVE DAMAGE!! (PAUSE) Really read
C - 3 scrolls of blinking {!r}?
Blink to where?
Press: ? - help, Dir - move target
As you read the scroll of blinking {!r}, it crumbles to dust.
The storm dragon is engulfed in blazing flames. 😱 HP[+1]
Okay, then.
The shadow dragon is engulfed in blazing flames.
Things that are here:
a +0 plate armour; a +0 halberd; 😱 HP[+2]
You regained 2 hp, and now have 28/165 hp.
The storm dragon is engulfed in blazing flames.
Things that are here:
a +0 chain mail; a +0 halberd of venom; 😱 HP[+2]
You regained 2 hp, and now have 30/165 hp. 😱 HP[+2]
You regained 2 hp, and now have 32/165 hp.
You feel very mighty all of a sudden. 😱 HP[+1]
Your magical effects are unravelling.
You feel magically purged.
You feel yourself speed up.
You feel a little less mighty now. 😱 HP[+2]
You regained 2 hp, and now have 35/165 hp.
You feel very mighty all of a sudden.
The shadow dragon bites you but does no damage.
The shadow dragon claws you but does no damage.
The shadow dragon closely misses you. 😱 HP[+1]
You closely miss the shadow dragon. 😱 HP[+1]
You barely miss the shadow dragon. You headbutt the shadow dragon!
You slash the storm dragon! You burn the storm dragon.
You block the shadow dragon's attack.
The shadow dragon claws you but does no damage. x2
The frost giant casts a spell at you.
The bolt of cold hits the shadow dragon.
The shadow dragon resists.
The bolt of cold hits you! You resist.
* * * LOW HITPOINT WARNING * * *
The storm dragon breathes lightning at you.
The bolt of lightning hits you.
* * * LOW HITPOINT WARNING * * *
😱 HP[-11]
You take 11 damage, and now have 26/165 hp.
You hit the shadow dragon. You burn the shadow dragon.
You headbutt the shadow dragon, but do no damage.
You hit the storm dragon. You burn the storm dragon.
The shadow dragon is struck by lightning.
You block the shadow dragon's attack.
The shadow dragon claws you but does no damage. x2
The storm dragon is struck by your spines.
The storm dragon bites you.
* * * LOW HITPOINT WARNING * * *
You feel more protected from physical attacks.
You block the storm dragon's attack.
The storm dragon barely misses you. 😱 HP[-4]
You take 4 damage, and now have 22/165 hp.
You slash the shadow dragon! You burn the shadow dragon.
You headbutt the shadow dragon! You slice the storm dragon!!
You burn the storm dragon.
The shadow dragon is engulfed in blazing flames.
The shadow dragon bites you but does no damage.
The shadow dragon claws you but does no damage. x2
The storm dragon barely misses you. You block the storm dragon's attack.
The storm dragon tramples you but does no damage. 😱 HP[+2]
You regained 2 hp, and now have 24/165 hp.
You carve the shadow dragon like a ham!!!
You burn the shadow dragon.
You kill the shadow dragon!
Qazlal accepts your kill.
You slash the storm dragon! You burn the storm dragon.
You kill the storm dragon!
Qazlal accepts your kill. 😱 HP[+1]
You now have 168 max hp (+3).
You slash the frost giant! You burn the frost giant.
The frost giant is engulfed in blazing flames.
The frost giant casts a spell at you. The bolt of cold hits you! You resist.
* * * LOW HITPOINT WARNING * * *
😱 HP[-14]
You take 14 damage, and now have 11/168 hp.
You slice the frost giant!! You burn the frost giant!
You kill the frost giant!
Qazlal accepts your kill.
Your life force feels restored. 😱 HP[+1]
You now have 169 max hp (+1).
You slash the frost giant! You burn the frost giant.
You headbutt the frost giant!!
The frost giant is engulfed in blazing flames.
The frost giant gestures at you while chanting.
The bolt of cold hits you!! You resist.
You die...

Skill      XL: |  1  2  3  4  5  6  7  8  9 10 11 12 13 14 15 16 17 18 19 |
---------------+----------------------------------------------------------+-----
Dodging        | 3 4 5 |  5.0
Axes           | 3 4 5 6 8 10 12 13 14 16 17 18 19 20 | 20.2
Armour         | 1 2 3 4 5 6 8 9 10 11 12 13 14 15 | 15.8
Fighting       | 3 4 6 7 9 10 11 12 13 14 16 17 18 20 | 20.3
Invocations    | 4 7 10 | 10.0
Evocations     | 4 6 8 9 10 | 10.0
Spellcasting   | 2 |  2.2
Translocations | 5 |  5.1
Throwing       | |  1.7

Action                   |  1- 3 |  4- 6 |  7- 9 | 10-12 | 13-15 | 16-18 | 19-21 || total
-------------------------+-------+-------+-------+-------+-------+-------+-------++-------
Melee: War axe           |    64 |    22 |       |       |       |       |       ||    86
       Punch             |     1 |       |       |       |       |       |       ||     1
       Battleaxe         |       |    36 |       |       |       |       |       ||    36
       Executioner's axe |       |    30 |   216 |   370 |   532 |   726 |   195 ||  2069
       Headbutt          |       |       |    43 |    62 |   137 |   207 |    74 ||   523
Throw: Boomerang         |       |       |     3 |       |     6 |       |       ||     9
Invok: Upheaval          |       |       |       |     2 |     2 |       |       ||     4
       Elemental Force   |       |       |       |       |       |     1 |       ||     1
       Disaster Area     |       |       |       |       |       |       |     1 ||     1
Evoke: Wand              |       |       |       |       |       |    13 |       ||    13
  Use: Scroll            |     6 |     5 |     4 |     3 |     8 |    13 |     5 ||    44
       Potion            |     4 |     7 |     9 |    11 |     9 |    20 |     3 ||    63
 Stab: Sleeping          |     1 |       |       |       |       |       |       ||     1
       Invisible         |       |     2 |       |     2 |     2 |    12 |       ||    18
       Distracted        |       |       |       |     1 |       |     1 |     1 ||     3
Armor: Leather armour    |    32 |    17 |       |       |       |       |       ||    49
       Ring mail         |       |     2 |    94 |       |       |       |       ||    96
       Plate armour      |       |       |     3 |   178 |   246 |   642 |   102 ||  1171
       Gold dragon scale |       |       |       |       |       |       |    34 ||    34
Dodge: Dodged            |    49 |    70 |   184 |   205 |   368 |   609 |    97 ||  1582
       Repelled          |       |       |       |     3 |    14 |     7 |     7 ||    31
Block: Other             |     2 |    13 |    54 |   112 |   256 |   368 |    68 ||   873

Levels and vault maps discovered:
D:1:      psy_arrival_fountain, layout_loops_ring,
          hellmonk_ecumenical_altar_run_dry, dk_noncrumbling_4,
          corexii_hall_statues_i, kennysheep_another_room
D:2:      layout_basic, uniq_natasha
D:3:      cheibrodos_helix_gallery, layout_loops_ring
D:4:      minmay_clustersquares, layout_rooms, serial_shops, kennysheep_mini,
          minmay_a_box_with_orc_wizards_in_it, uniq_eustachio
D:5:      layout_basic
D:6:      layout_cave_pools, minmay_temple_entry_glass,
          nicolae_ossuary_entry_ruins
D:7:      layout_basic
D:8:      layout_loops_corners, minmay_misc_feat_diagonals,
          kennysheep_generic_room_7, uniq_joseph
D:9:      minmay_spotlight, layout_irregular_city,
          nicolae_overflow_hallway_of_the_gods, orc_0_dummy, serial_shops, shop,
          hangedman_abyss_or_decor_passed
D:10:     layout_irregular_city, minmay_lair_entry_grove, uniq_snorg
D:11:     giant_chief_lemuel, layout_long_grid
D:12:     layout_stronghold
D:13:     minmay_general_purpose_star, layout_rooms,
          portal_ice_cave_entry_ice_simulacra
D:14:     layout_cave_pods, david_vaults_4, serial_shops,
          nicolae_inconvenience_store, nicolae_shop_hallway_plus, shop,
          uniq_rupert, uniq_roxanne
D:15:     grunt_enter_depths_snipers, layout_layer_cave,
          hangedman_decor_clover_reticule, minivault_15,
          trog_three_pillars_becter, uniq_jorgrun, uniq_nessos, uniq_louise
Lair:1:   layout_hall_layers, gauntlet_entry_generic, st_stairs_8,
          nicolae_lair_liquid_snakes, serial_bayou_shore_a
Lair:2:   nzn_winding_woodlands_medium [nzn_winding_woodlands_5x5_perimeter,
          nzn_winding_woodlands_5x15_pool, nzn_winding_woodlands_5x5_default,
          nzn_winding_woodlands_5x5_closed_star,
          nzn_winding_woodlands_center_lodge, nzn_winding_woodlands_5x5_default,
          nzn_winding_woodlands_5x5_checkerboard,
          nzn_winding_woodlands_5x15_pathside_ponds,
          nzn_winding_woodlands_5x5_three], layout_cave_pods,
          minmay_shoals_entry_hut, uniq_amaemon
Lair:3:   layout_gridlike, hellmonk_spider_entry_not_the_bees,
          infiniplex_staircase_pool_2, serial_bayou_shore_b, lemuel_fruit_tree
Lair:4:   layout_cave_pods, dpeg_slime_entry_corner,
          grunt_forest_small_clearing_treed
Lair:5:   hellmonk_lair_end_abyssal_woods, layout_regular_city,
          infiniplex_staircase_pool
Spider:1: layout_cave_pods, gammafunk_ghost_berserking_beasts, worms_lemuel
Spider:2: layout_spider_delve
Spider:3: spiders_nest_scorpion_pit
Spider:4: grunt_spider_rune_circles
Orc:1:    layout_diamond_mine, uniq_urug, uniq_erica
Orc:2:    grunt_orc_community_town_hall, layout_diamond_mine,
          grunt_orc_community_big_house_1, grunt_orc_community_big_house_2,
          grunt_orc_community_house_3, grunt_orc_community_house_2,
          grunt_orc_community_house_2, grunt_orc_community_house_2,
          grunt_orc_community_house_3, grunt_orc_community_house_2,
          serial_shops, nicolae_shop_window_shopping
Vaults:1: nicolae_vaults_network_quinsquares
          [nicolae_vaults_network_quincunx_subvault,
          nicolae_vaults_network_quincunx_subvault,
          nicolae_vaults_network_quincunx_subvault,
          nicolae_vaults_network_quincunx_subvault], v_pattern_1,
          hangedman_vaults_nodes, v_misc_14, nicolae_vaults_hallways_thing,
          vaults_room_stairs_pillars, v_alt_pattern_1,
          nicolae_vaults_little_squares_3, v_alt_pattern_2,
          vaults_room_guarded_vault, vaults_room_corners,
          vaults_dpeg_emergency_exit, layout_vaults_omnicross
Vaults:2: vaults_mumra_chevron_long, hangedman_vaults_trim,
          nicolae_vaults_network_periphery, vaults_dpeg_cross, v_misc_3,
          nicolae_vaults_little_squares_6, ontoclasm_vaults_decontamination,
          hangedman_vaults_snaps, ontoclasm_vaults_ligature, vaults_mumra_hex,
          layout_vaults_big_room, uniq_mara, uniq_margery
Vaults:3: v_pattern_3, minmay_crypt_entry_simple_corners, vaults_room_fours,
          v_misc_13, v_misc_10, hangedman_vaults_trim,
          nicolae_vaults_know_your_exits, hangedman_vaults_maws,
          nicolae_vaults_little_squares_3, layout_vaults_quadrants
Vaults:4: v_misc_18, hangedman_vaults_pinch, ontoclasm_vaults_ring_large,
          dpeg_vaults_monster_row, v_misc_13, vaults_room_door_hall,
          grunt_tower_of_power, ontoclasm_vaults_shuriken,
          hangedman_vaults_trim, ontoclasm_vaults_fault, vaults_mumra_hexcomb,
          layout_vaults_omnibox
Vaults:5: serial_shops

Notes
Turn   | Place    | Note
-------+----------+-------------------------------------------
     0 | D:1      | melkoren the Demonspawn Gladiator began the quest for the
                  | Orb.
     0 | D:1      | Reached XP level 1. HP: 16/16 MP: 1/1
     0 | D:1      | magus.rc [v1.11.3]
   274 | D:1      | Gained mutation: You are partially covered in yellow
                  | scales. (AC +2) [demonic ancestry]
   274 | D:1      | Reached XP level 2. HP: 11/22 MP: 2/2
   773 | D:1      | Reached skill level 3 in Dodging
   940 | D:1      | Reached skill level 3 in Axes
   953 | D:1      | Found a faded altar of an unknown god.
   976 | D:1      | Prayed at the altar of an unknown god.
   976 | D:1      | Became a worshipper of Qazlal Stormbringer
   976 | D:1      | Reached * piety under Qazlal
  1086 | D:1      | Gained mutation: You do not regenerate when monsters are
                  | visible. [potion of mutation]
  1086 | D:1      | Gained mutation: You possess an exceptional clarity of
                  | mind. [potion of mutation]
  1150 | D:2      | Reached skill level 1 in Armour
  1195 | D:2      | Noticed Natasha
  1200 | D:2      | Gained mutation: Your demonic aura sometimes causes spilled
                  | blood to erupt in flames. [demonic ancestry]
  1200 | D:2      | Reached XP level 3. HP: 27/28 MP: 3/3
  1201 | D:2      | Killed Natasha
  1216 | D:2      | Noticed Natasha
  1227 | D:2      | Killed Natasha
  1228 | D:2      | Reached XP level 4. HP: 12/34 MP: 4/4
  1849 | D:2      | Noticed Natasha
  1855 | D:2      | Killed Natasha
  1935 | D:2      | Reached skill level 3 in Fighting
  2405 | D:3      | Reached skill level 2 in Armour
  2405 | D:3      | Reached XP level 5. HP: 32/41 MP: 5/5
  2415 | D:3      | Reached ** piety under Qazlal
  2762 | D:3      | Identified a scroll of acquirement
  2762 | D:3      | Acquired a +2 executioner's axe of flaming
  2763 | D:3      | u - a +2 executioner's axe of flaming {rare}
  2764 | D:3      | your +2 executioner's axe of flaming {rare} bursts into
                  | flame!
  2764 | D:3      | u - a +2 executioner's axe of flaming (weapon) {rare}
  3166 | D:4      | You fall into a shaft and drop 3 floors!
  3299 | D:7      | Noticed an orc warrior
  3300 | D:7      | Noticed a wyvern
  3329 | D:7      | Gained mutation: You have a pair of small horns on your
                  | head. [demonic ancestry]
  3329 | D:7      | Reached XP level 6. HP: 25/47 MP: 6/6
  3332 | D:7      | Reached skill level 4 in Axes
  3332 | D:7      | Reached skill level 4 in Dodging
  3596 | D:6      | Reached skill level 4 in Fighting
  3596 | D:6      | Reached skill level 3 in Armour
  3601 | D:6      | Gained mutation: You have a pair of horns on your head.
                  | [demonic ancestry]
  3601 | D:6      | Reached XP level 7. HP: 53/54 MP: 7/7
  3638 | D:6      | Found a sand-covered staircase.
  3649 | Ossuary  | Entered an ossuary
  4124 | Ossuary  | Reached skill level 5 in Axes
  4124 | Ossuary  | Reached skill level 4 in Armour
  4124 | Ossuary  | Reached skill level 5 in Dodging
  4124 | Ossuary  | Gained mutation: You have a pair of large horns on your
                  | head. [demonic ancestry]
  4124 | Ossuary  | Reached XP level 8. HP: 56/61 MP: 8/8
  4166 | Ossuary  | Reached skill level 5 in Fighting
  4166 | Ossuary  | Noticed a silent spectre
  4233 | D:5      | Entered Level 5 of the Dungeon
  4457 | D:5      | Reached *** piety under Qazlal
  4863 | D:4      | Noticed Eustachio
  4890 | D:4      | Killed Eustachio
  4891 | D:4      | Reached skill level 5 in Armour
  5099 | D:4      | Reached skill level 6 in Fighting
  5129 | D:4      | Reached skill level 6 in Axes
  5291 | D:4      | You pick up a book of Air and begin reading...
  5291 | D:4      | You add the spells Shock, Swiftness and Airstrike to your
                  | library.
  5315 | D:4      | Found Igour's Antique Weapon Boutique.
  5429 | D:4      | Reached XP level 9. HP: 64/71 MP: 9/9
  5443 | D:4      | You pick up a book of Chaos and begin reading...
  5443 | D:4      | You add the spells Conjure Ball Lightning, Disjunction and
                  | Discord to your library.
  5700 | D:5      | You add the spells Ozocubu's Armour and Ozocubu's
                  | Refrigeration to your library.
  5715 | D:5      | You pick up a book of Geomancy and begin reading...
  5715 | D:5      | You add the spells Sandblast, Passwall and Stone Arrow to
                  | your library.
  6363 | D:6      | Found a staircase to the Ecumenical Temple.
  6671 | D:7      | Reached **** piety under Qazlal
  6745 | D:7      | Reached skill level 7 in Fighting
  6745 | D:7      | Reached skill level 7 in Axes
  6745 | D:7      | Reached skill level 6 in Armour
  6748 | D:7      | HP: 11/72 [ice beast (8)]
  7196 | D:7      | Paralysed by a hornet for 2 turns
  8179 | D:8      | Noticed Joseph
  8197 | D:8      | HP: 15/72 [Joseph/+1 spectral quarterstaff (8)]
  8197 | D:8      | HP: 6/72 [Joseph/+1 spectral quarterstaff (9)]
  8202 | D:8      | Killed Joseph
  8203 | D:8      | Reached skill level 8 in Axes
  8569 | D:8      | Noticed a komodo dragon
  8576 | D:8      | Killed a komodo dragon
  8577 | D:8      | Reached XP level 10. HP: 59/80 MP: 10/10
  8721 | D:8      | You pick up a book of the Sky and begin reading...
  8721 | D:8      | You add the spells Summon Lightning Spire, Storm Form and
                  | Maxwell's Capacitive Coupling to your library.
  8946 | D:8      | your +2 executioner's axe of flaming {rare} glows red for a
                  | moment.
  8947 | D:8      | your +3 executioner's axe of flaming {rare} glows red for a
                  | moment.
  9349 | D:8      | Reached skill level 8 in Fighting
  9376 | D:8      | Reached skill level 7 in Armour
  9917 | D:9      | Noticed a two-headed ogre
  9926 | D:9      | Killed a two-headed ogre
  9927 | D:9      | Reached skill level 9 in Axes
 10861 | D:9      | Lost mutation: You possess an exceptional clarity of mind.
                  | [potion of mutation]
 10861 | D:9      | Lost mutation: You do not regenerate when monsters are
                  | visible. [potion of mutation]
 10861 | D:9      | Gained mutation: You expend magic power (3 MP) to
                  | strengthen your wands. [potion of mutation]
 10861 | D:9      | Gained mutation: You occasionally shout uncontrollably at
                  | your foes. [potion of mutation]
 10861 | D:9      | Gained mutation: You are dopey. (Int -2) [potion of
                  | mutation]
 10861 | D:9      | Gained mutation: You are strong-willed. (Will+) [potion of
                  | mutation]
 10994 | D:9      | Found a hazy altar of Hepliaklqana.
 10994 | D:9      | Found a radiant altar of Vehumet.
 10994 | D:9      | Found a stormy altar of Qazlal.
 11028 | D:9      | Found a basalt altar of Yredelemnul.
 11035 | D:9      | Found an ornate altar of the Wu Jian Council.
 11039 | D:9      | Found an ancient bone altar of Kikubaaqudgha.
 11049 | D:9      | Found Biab's Antique Armour Shoppe.
 11177 | D:9      | You pick up a book of Changes and begin reading...
 11177 | D:9      | You add the spells Beastly Appendage, Wereblood and Spider
                  | Form to your library.
 11211 | D:9      | Found a staircase to the Orcish Mines.
 11384 | Orc:1    | Entered Level 1 of the Orcish Mines
 11658 | Orc:2    | Entered Level 2 of the Orcish Mines
 11673 | Orc:2    | Reached skill level 10 in Axes
 11770 | Orc:2    | Noticed a two-headed ogre
 11781 | Orc:2    | Killed a two-headed ogre
 11782 | Orc:2    | Reached skill level 9 in Fighting
 11782 | Orc:2    | Reached skill level 8 in Armour
 11786 | Orc:2    | Gained mutation: You are partially covered in sharp spines.
                  | [demonic ancestry]
 11786 | Orc:2    | Reached XP level 11. HP: 71/89 MP: 11/11
 12111 | Orc:2    | Found a staircase to the Elven Halls.
 12116 | Orc:2    | Noticed an orc sorcerer
 12124 | Orc:2    | Paralysed by an orc sorcerer for 4 turns
 12131 | Orc:2    | Killed an orc sorcerer
 12146 | Orc:2    | Reached ***** piety under Qazlal
 12542 | Orc:2    | Found Nuarramn's Armour Boutique.
 12648 | Orc:2    | Bought a +2 pair of gloves for 247 gold pieces
 12648 | Orc:2    | Bought a +0 buckler of protection for 172 gold pieces
 13164 | Orc:2    | Found Zouxkae's Armour Boutique.
 13330 | Orc:2    | Noticed an orc high priest
 13331 | Orc:2    | Noticed an orc warlord
 13334 | Orc:2    | Noticed a sixfirhy
 13334 | Orc:2    | Noticed an orc sorcerer
 13335 | Orc:2    | Noticed an orc knight
 13413 | Orc:2    | Found Sown's Antique Weapon Boutique.
 13561 | Orc:2    | Reached skill level 11 in Axes
 13589 | Orc:2    | Killed an orc knight
 13828 | Orc:2    | Killed an orc sorcerer
 14008 | Orc:2    | HP: 17/71 [orc warlord/+1 dire flail of draining (21)]
 14011 | Orc:2    | Killed an orc warlord
 14012 | Orc:2    | Reached skill level 10 in Fighting
 14421 | Orc:2    | Killed an orc high priest
 14422 | Orc:2    | Reached skill level 9 in Armour
 14746 | Orc:2    | Found Bysuinig's Antique Weapon Shop.
 14750 | Orc:2    | Found Memo's Antique Armour Boutique.
 15264 | D:10     | Entered Level 10 of the Dungeon
 15369 | D:10     | Noticed Snorg
 15376 | D:10     | Killed Snorg
 15393 | D:10     | Reached skill level 12 in Axes
 15410 | D:10     | Gained mutation: Your demonic aura often causes spilled
                  | blood to erupt in flames. [demonic ancestry]
 15410 | D:10     | Reached XP level 12. HP: 76/98 MP: 12/12
 15496 | D:10     | Found a staircase to the Lair.
 15506 | Lair:1   | Entered Level 1 of the Lair of Beasts
 15611 | Lair:1   | Identified the +0 plate armour of the Hidden Vale {rC+ MP+9
                  | Dex+4 Stlth+}
 15756 | Lair:1   | Found a gate leading to a gauntlet.
 15767 | Gauntlet | Entered a Gauntlet
 15767 | Gauntlet | Found a transporter.
 15767 | Gauntlet | Found a transporter.
 15773 | Gauntlet | Found a transporter.
 15775 | Gauntlet | Found a transporter.
 15775 | Gauntlet | Found a transporter.
 15778 | Gauntlet | Found a transporter.
 15811 | Gauntlet | Noticed a tengu warrior
 15815 | Gauntlet | Found a transporter.
 15817 | Gauntlet | Found a transporter.
 15817 | Gauntlet | Found a transporter.
 15821 | Gauntlet | Noticed a great orb of eyes
 15822 | Gauntlet | Found a runed translucent door.
 15822 | Gauntlet | Found a runed translucent door.
 15829 | Gauntlet | Found a transporter.
 15847 | Gauntlet | Found a transporter.
 15854 | Gauntlet | Noticed a balrug
 15856 | Gauntlet | Found a runed translucent gate.
 15857 | Gauntlet | Found a transporter.
 15857 | Gauntlet | Found a runed translucent gate.
 15858 | Gauntlet | Found a runed translucent gate.
 15871 | Gauntlet | Found a transporter.
 15891 | Gauntlet | Found a transporter.
 16144 | Gauntlet | Identified the +1 hat "Iceuxiag" {Fly Str+5}
 16175 | Gauntlet | Cleave: u) +4 executioner's axe (flame) {rare}
 16175 | Gauntlet | Cleave: u) +4 executioner's axe (flame) {rare}
 16176 | Gauntlet | Killed a tengu warrior
 16193 | Gauntlet | You add the spells Malign Gateway and Summon Horrible
                  | Things to your library.
 16250 | Gauntlet | Killed a great orb of eyes
 16257 | Gauntlet | You pick up a book of Winter and begin reading...
 16257 | Gauntlet | You add the spells Metabolic Englaciation and Simulacrum to
                  | your library.
 16258 | Gauntlet | Identified the +1 pair of gloves of Beyond {rF+++ Regen+
                  | Str+4 Int-3}
 16280 | Gauntlet | Noticed a minotaur
 16288 | Gauntlet | Killed a minotaur
 16397 | Gauntlet | You add the spells Borgnjor's Revivification, Necromutation
                  | and Death's Door to your library.
 16593 | Lair:1   | Reached skill level 11 in Fighting
 16647 | Lair:1   | Reached skill level 13 in Axes
 16647 | Lair:1   | Reached skill level 1 in Invocations
 16693 | Lair:1   | You pick up a book of Callings and begin reading...
 16693 | Lair:1   | You add the spells Summon Small Mammal, Call Canine
                  | Familiar and Summon Guardian Golem to your library.
 16975 | Lair:2   | Reached skill level 10 in Armour
 16975 | Lair:2   | Reached skill level 2 in Invocations
 17109 | Lair:2   | Reached skill level 3 in Invocations
 17121 | Lair:2   | Noticed Amaemon
 17133 | Lair:2   | Killed Amaemon
 17140 | Lair:2   | Reached ****** piety under Qazlal
 17163 | Lair:2   | Noticed a six-headed hydra
 17168 | Lair:2   | Killed a three-headed hydra
 17169 | Lair:2   | Reached skill level 4 in Invocations
 17329 | Lair:2   | Reached XP level 13. HP: 106/106 MP: 16/16
 17686 | Lair:2   | Reached skill level 5 in Invocations
 17858 | Lair:2   | Found a staircase to the Shoals.
 18078 | Lair:3   | Reached skill level 14 in Axes
 18118 | Lair:3   | Reached skill level 6 in Invocations
 18442 | Lair:3   | Found a hole to the Spider Nest.
 18598 | Lair:3   | Identified the +0 ring mail "Ohum" {Str+5}
 18826 | Lair:4   | Reached skill level 12 in Fighting
 18857 | Lair:4   | Reached skill level 11 in Armour
 18946 | Lair:4   | Reached skill level 7 in Invocations
 19502 | Lair:4   | Found a staircase to the Slime Pits.
 19833 | Lair:5   | Entered Level 5 of the Lair of Beasts
 19927 | Lair:5   | Reached XP level 14. HP: 98/116 MP: 19/19
 20060 | Lair:5   | Reached skill level 15 in Axes
 20063 | Lair:5   | Reached skill level 8 in Invocations
 20993 | Lair:5   | Reached skill level 9 in Invocations
 21192 | Lair:5   | Found a corrupted altar of Lugonu.
 21192 | Lair:5   | Found a one-way gate to the infinite horrors of the Abyss.
 21281 | Lair:5   | You add the spells Poisonous Vapours and Leda's
                  | Liquefaction to your library.
 21281 | Lair:5   | Got the Omnibus of Putrescence and the Lithosphere
 21622 | D:10     | Reached skill level 13 in Fighting
 21754 | D:10     | Identified the +1 robe of Tematiowk {rPois rC++ Regen+
                  | Int-4}
 22810 | D:11     | Reached skill level 12 in Armour
 22818 | D:11     | your +4 executioner's axe of flaming {rare} glows red for a
                  | moment.
 22897 | D:11     | Reached skill level 16 in Axes
 22904 | D:11     | Reached skill level 10 in Invocations
 23077 | D:11     | Noticed a stone giant
 23081 | D:11     | Gained mutation: You are mostly covered in yellow scales.
                  | (AC +3) [demonic ancestry]
 23081 | D:11     | Reached XP level 15. HP: 78/124 MP: 22/22
 23083 | D:11     | HP: 25/124 [ettin/+0 dire flail (17)]
 23580 | D:11     | Identified the +11 war axe of Wealth {antimagic, *Rage
                  | rElec rF++ Stlth+}
 23582 | D:11     | Identified the +7 flail of the Saviour {vorpal, *Corrode
                  | rElec Dex+5}
 23584 | D:11     | Identified the +8 shortbow "Linufaz" {venom, rElec rPois
                  | Int-5 Stlth+}
 23587 | D:11     | Identified the +3 trident "Jellybane" {venom, Str+6}
 23907 | D:12     | Reached skill level 1 in Evocations
 24014 | D:12     | You pick up a book of Minor Magic and begin reading...
 24014 | D:12     | You add the spells Magic Dart, Call Imp and Mephitic Cloud
                  | to your library.
 24619 | D:13     | Reached skill level 2 in Evocations
 24712 | D:13     | Found a frozen archway.
 24726 | IceCv    | Entered an ice cave
 24890 | IceCv    | Reached skill level 14 in Fighting
 25614 | D:14     | Reached skill level 3 in Evocations
 25638 | D:14     | Noticed Roxanne
 25654 | D:14     | Killed Roxanne
 25674 | D:14     | You pick up a book of the Earth and begin reading...
 25674 | D:14     | You add the spells Lee's Rapid Deconstruction and Statue
                  | Form to your library.
 25800 | D:14     | Reached skill level 17 in Axes
 25912 | D:14     | Found Simoymmucw's Distillery.
 25919 | D:14     | Bought a potion of might for 68 gold pieces
 25919 | D:14     | Bought a potion of haste for 170 gold pieces
 25919 | D:14     | Bought a potion of haste for 170 gold pieces
 25919 | D:14     | Bought a potion of might for 68 gold pieces
 25962 | D:14     | Noticed Rupert
 25978 | D:14     | Killed Rupert
 25980 | D:14     | a +0 triple sword of draining {rare}; a +0 chain mail
 26096 | D:14     | Found a gate to the Vaults.
 26101 | D:14     | You pick up a book of Beasts and begin reading...
 26101 | D:14     | You add the spells Summon Ice Beast, Summon Mana Viper and
                  | Monstrous Menagerie to your library.
 26152 | D:14     | You add the spells Gell's Gravitas, Teleport Other and
                  | Dispersal to your library.
 26160 | D:14     | Found Appenn's Distillery.
 26175 | D:14     | Bought 2 potions of might for 96 gold pieces
 26175 | D:14     | Bought a potion of invisibility for 96 gold pieces
 26175 | D:14     | Bought a potion of haste for 120 gold pieces
 26340 | D:14     | You pick up a book of Frost and begin reading...
 26340 | D:14     | You add the spells Freeze, Frozen Ramparts and Hailstorm to
                  | your library.
 26352 | D:14     | Found Luschoal's Jewellery Boutique.
 26357 | D:14     | Bought the ring of Bick {Str+6 Dex+4} for 925 gold pieces
 26599 | D:15     | Entered Level 15 of the Dungeon
 26599 | D:15     | Noticed Louise
 26685 | D:15     | Noticed Nessos
 26715 | D:15     | Killed Nessos
 26729 | D:15     | Noticed Jorgrun
 26793 | D:15     | Killed Jorgrun
 26794 | D:15     | Reached skill level 4 in Evocations
 26919 | D:15     | You add the spells Tukima's Dance, Passage of Golubria and
                  | Yara's Violent Unravelling to your library.
 26947 | D:15     | HP: 29/127 [tengu warrior (7)]
 27204 | D:15     | Killed Louise
 27312 | D:15     | Found a bloodstained altar of Trog.
 27720 | D:15     | You pick up a book of the Moon and begin reading...
 27720 | D:15     | You add the spells Silence and Lehudib's Crystal Spear to
                  | your library.
 28661 | Spider:1 | Entered Level 1 of the Spider Nest
 28663 | Spider:1 | Gained mutation: You are completely covered in yellow
                  | scales. (AC +4, rCorr) [demonic ancestry]
 28663 | Spider:1 | Reached XP level 16. HP: 134/134 MP: 23/23
 28796 | Spider:1 | Noticed Zeldest's ghost (journeyman MeNe)
 28804 | Spider:1 | HP: 27/134 [meliai/divine providence (8)]
 28808 | Spider:1 | HP: 9/134 [meliai/+0 war axe (8)]
 28810 | Spider:1 | Reached skill level 15 in Fighting
 28814 | Spider:1 | Reached skill level 13 in Armour
 29255 | Spider:1 | Reached skill level 5 in Evocations
 29267 | Spider:1 | Found a transporter.
 29286 | Spider:1 | HP: 30/136 [emperor scorpion (7)]
 29288 | Spider:1 | HP: 10/136 [??? (7)]
 29297 | Spider:1 | HP: 16/136 [orb spider (2)]
 29590 | Spider:1 | Found a transporter.
 29594 | Spider:1 | Killed Zeldest's ghost
 29599 | Spider:1 | Identified the ring of Levity {rCorr Int+2 SInv}
 29606 | Spider:1 | You pick up a book of Changes and begin reading...
 30897 | Spider:2 | You pick up a book of Winter and begin reading...
 31084 | Spider:2 | Reached skill level 6 in Evocations
 31287 | Spider:3 | Reached skill level 18 in Axes
 31431 | Spider:3 | HP: 12/132 [disintegration[a torpor snail] (55)]
 31436 | Spider:3 | HP: 20/133 [spark wasp (1)]
 31442 | Spider:3 | HP: 12/133 [demonic crawler (7)]
 31445 | Spider:3 | Reached skill level 16 in Fighting
 31449 | Spider:3 | HP: 9/133 [spark wasp/living lightning (8)]
 31946 | Spider:3 | HP: 29/127 [steelbarb worm (7)]
 32097 | Spider:3 | Paralysed by a jorogumo for 2 turns
 32099 | Spider:3 | Reached XP level 17. HP: 102/144 MP: 24/24
 32416 | Spider:3 | HP: 35/145 [barbs]
 32433 | Spider:3 | HP: 10/145 [disintegration[a torpor snail] (46)]
 32436 | Spider:3 | HP: 1/145 [disintegration[a torpor snail] (12)]
 32802 | Spider:3 | You pick up a book of Changes and begin reading...
 33168 | Spider:3 | Reached skill level 7 in Evocations
 33519 | Spider:4 | Entered Level 4 of the Spider Nest
 33659 | Spider:3 | your +5 executioner's axe of flaming {rare} glows red for a
                  | moment.
 34369 | Spider:4 | Reached skill level 17 in Fighting
 34370 | Spider:4 | HP: 29/147 [something (15)]
 34372 | Spider:4 | Reached skill level 14 in Armour
 34372 | Spider:4 | HP: 10/147 [emperor scorpion (10)]
 34994 | Spider:4 | Got a gossamer rune of Zot
 35292 | Vaults:1 | Entered Level 1 of the Vaults
 35390 | Vaults:1 | Reached skill level 19 in Axes
 35420 | Vaults:1 | Reached skill level 8 in Evocations
 35925 | Vaults:1 | Gained mutation: You are mostly covered in sharp spines.
                  | [demonic ancestry]
 35925 | Vaults:1 | Reached XP level 18. HP: 143/155 MP: 25/25
 36584 | Vaults:1 | your +6 executioner's axe of flaming {rare} glows red for a
                  | moment.
 36585 | Vaults:1 | your +7 executioner's axe of flaming {rare} glows red for a
                  | moment.
 36721 | Vaults:2 | Noticed Margery
 36729 | Vaults:2 | Reached skill level 18 in Fighting
 36730 | Vaults:2 | Killed Margery
 36760 | Vaults:2 | x - +1 storm dragon scales {rare}
 36799 | Vaults:2 | Reached skill level 9 in Evocations
 36870 | Vaults:2 | HP: 37/157 [ironbound frostheart (15)]
 37454 | Vaults:2 | Noticed Mara
 37467 | Vaults:2 | Noticed melkoren's illusion
 37474 | Vaults:2 | HP: 38/157 [melkoren's illusion (illusionary)[Mara] (2)]
 37480 | Vaults:2 | Killed Mara
 37808 | Vaults:2 | You pick up a book of Decay and begin reading...
 37808 | Vaults:2 | You add the spells Corpse Rot, Dispel Undead and Death
                  | Channel to your library.
 38502 | Vaults:3 | Found a staircase to the Crypt.
 38504 | Vaults:3 | Reached skill level 20 in Axes
 38575 | Vaults:3 | HP: 36/158 [purple very ugly thing (16)]
 39346 | Vaults:3 | Reached XP level 19. HP: 158/165 MP: 26/26
 39356 | Vaults:3 | Learned a level 4 spell: Passage of Golubria
 39398 | Vaults:3 | Reached skill level 15 in Armour
 39739 | Vaults:3 | Reached skill level 1 in Spellcasting
 39742 | Vaults:3 | Reached skill level 1 in Translocations
 39827 | Vaults:4 | Reached skill level 19 in Fighting
 39830 | Vaults:4 | Reached skill level 10 in Evocations
 40220 | Vaults:4 | Reached skill level 2 in Spellcasting
 40224 | Vaults:4 | Reached skill level 2 in Translocations
 40361 | Vaults:4 | Identified the +0 robe of the Last Eyes {rPois rF++ Int+4}
 40390 | Vaults:4 | Found a radiant altar of Vehumet.
 40403 | Vaults:4 | You pick up a book of Power and begin reading...
 40403 | Vaults:4 | You add the spells Iskenderun's Battlesphere, Iron Shot and
                  | Spellforged Servitor to your library.
 40434 | Vaults:4 | Identified the +1 hat of the Invisible Hand {rPois rN+
                  | Stlth+}
 40593 | Vaults:4 | You pick up a book of the Wilderness and begin reading...
 40593 | Vaults:4 | You add the spells Summon Forest and Summon Cactus Giant to
                  | your library.
 40747 | Vaults:4 | You add the spells Sting and Olgreb's Toxic Radiance to
                  | your library.
 40791 | Vaults:4 | Reached skill level 3 in Translocations
 40796 | Vaults:4 | HP: 38/167 [??? (35)]
 41315 | Vaults:4 | Identified the +12 glaive of Juqufin {vorpal, rElec rPois
                  | MP-9 Int+9}
 41390 | Vaults:5 | Entered Level 5 of the Vaults
 41397 | Vaults:5 | Reached skill level 4 in Translocations
 41446 | Vaults:5 | Noticed a golden dragon
 41538 | Vaults:5 | HP: 42/168 [ettin/+0 dire flail (15)]
 41541 | Vaults:4 | Reached skill level 20 in Fighting
 41543 | Vaults:4 | HP: 29/169 [spore (4)]
 41663 | Vaults:5 | Noticed a golden dragon
 41734 | Vaults:4 | Killed a golden dragon
 41734 | Vaults:4 | Identified +0 gold dragon scales
 41738 | Vaults:4 | +0 gold dragon scales {rare}; a golden dragon corpse; a
                  | sphinx corpse
 41741 | Vaults:4 | W - +0 gold dragon scales {rare}
 41742 | Vaults:4 | your +0 gold dragon scales {rare} glow green for a moment.
 41743 | Vaults:4 | your +1 gold dragon scales {rare} glow green for a moment.
 41916 | Vaults:4 | You finish putting on your +2 gold dragon scales {rare}.
 42027 | Vaults:4 | Reached skill level 5 in Translocations
 42071 | Vaults:5 | Identified the +4 arbalest of Conversion {speed, MP-9 Int+3
                  | SInv}
 42116 | Vaults:4 | HP: 27/164 [frost giant/+0 battleaxe of freezing (20)]
 42125 | Vaults:4 | HP: 29/165 [frost giant/bolt of cold (9)]
 42129 | Vaults:4 | HP: 11/168 [frost giant/bolt of cold (15)]
 42131 | Vaults:4 | Killed from afar by a frost giant

Vanquished Creatures
  Mara (Vaults:2)
  Margery (Vaults:2)
  A golden dragon (Vaults:4)
  A lich (Vaults:4)
  Jorgrun (D:15)
  2 tentacled monstrosities (Vaults:4)
  Rupert (D:14)
  3 sphinxes
  A storm dragon (Vaults:4)
  A shadow dragon (Vaults:4)
  2 tengu reavers (Vaults:4)
  The ghost of Zeldest the Destroyer, a journeyman MeNe of Cheibriados (Spider:1)
  A fire giant (Vaults:1)
  Roxanne (D:14)
  13 emperor scorpions
  A frost giant (Vaults:4)
  2 orc warlords
  4 vault wardens
  4 ghost moths
  Louise (D:15)
  A reaper (IceCv)
  2 broodmothers
  4 stone giants
  Nessos (D:15)
  12 ironbound preservers
  2 war gargoyles (Vaults:2)
  6 ironbound thunderhulks
  4 very ugly things (Vaults:3)
  2 entropy weavers (Spider:3)
  A minotaur (Gauntlet)
  2 spark wasps (Spider:3)
  A deep elf death mage (Vaults:4)
  16 dire elephants
  Snorg (D:10)
  6 ettins
  7 yaktaur captains
  A jiangshi (Vaults:3)
  33 vault guards
  7 great orbs of eyes
  An ogre mage (Vaults:4)
  A hydra (shapeshifter) (Vaults:4)
  9 hydras
  A peacekeeper (Vaults:2)
  3 jorogumos
  A death knight (D:15)
  7 centaur warriors
  5 ironbound frosthearts
  9 boulder beetles
  3 radroaches
  5 two-headed ogres
  4 tengu warriors
  3 thrashing horrors (Lair:5)
  An orc high priest (Orc:2)
  6 hell knights
  Amaemon (Lair:2)
  3 pharaoh ants (Spider:3)
  An iron troll (D:14)
  A skeletal warrior (D:15)
  9 steelbarb worms
  16 deep trolls
  A death drake (shapeshifter) (Lair:5)
  A sun moth (Spider:3)
  9 orb spiders
  5 wizards
  14 lindwurms
  6 orc knights
  13 ironbound convokers
  5 harpies (Vaults:3)
  3 phantasmal warriors
  21 ugly things
  23 wolf spiders
  6 necromancers (Vaults:4)
  A deep elf pyromancer (D:13)
  A faun (shapeshifter) (D:13)
  20 cyclopes
  2 moths of wrath
  2 orc sorcerers (Orc:2)
  4 manticores
  3 large abominations (Lair:5)
  A naga mage (Vaults:4)
  A salamander (shapeshifter) (Lair:5)
  2 ice statues (IceCv)
  21 elephants
  An orange demon (Lair:2)
  12 vault sentinels
  8 black mambas
  Joseph (D:8)
  14 cane toads
  4 torpor snails
  2 gargoyles
  13 demonic crawlers
  7 ice devils (IceCv)
  An unseen horror (D:11)
  3 freezing wraiths (D:15)
  A yaktaur (shapeshifter) (D:14)
  A rime drake (Lair:3)
  6 tengu conjurers
  21 yaktaurs
  16 komodo dragons
  A kobold demonologist (D:13)
  An efreet (D:15)
  4 ancient zymes (Lair:5)
  8 meliai
  4 trolls
  A troll (shapeshifter) (Lair:5)
  3 polar bears
  30 tarantellas
  16 hornets
  14 blink frogs
  32 jumping spiders
  19 slime creatures
  A snapping turtle (Lair:2)
  6 dream sheep (Lair:5)
  8 small abominations (Lair:5)
  A spriggan (shapeshifter) (Lair:5)
  6 wraiths
  24 culicivoras
  2 shadows
  30 yaks
  A ynoxinul (Lair:5)
  9 wyverns
  6 basilisks
  A spriggan (Lair:5)
  Eustachio (D:4)
  2 death yak simulacra
  47 redbacks
  A chaos spawn (Lair:5)
  3 steam dragons
  2 harpy simulacra (IceCv)
  5 wargs
  13 water moccasins
  3 acid dragons
  4 black bears
  An ice beast (D:7)
  31 orc warriors
  10 ogres
  12 wolves
  3 phantoms
  4 centaurs (D:14)
  4 kobold brigands
  17 bullfrogs
  6 scorpions
  A two-headed ogre simulacrum (D:13)
  3 gnoll sergeants
  3 water moccasin zombies (Ossuary)
  4 wights
  4 elephant simulacra
  5 killer bees
  6 electric eels
  3 howler monkeys
  2 centaur zombies (Ossuary)
  3 bullfrog zombies (Ossuary)
  3 lava snakes (Lair:1)
  3 gnoll boudas
  19 orc priests
  3 hounds
  12 human skeletons (Vaults:4)
  5 iguanas
  33 orc wizards
  A scorpion zombie (Ossuary)
  Natasha (thrice) (D:2)
  A polar bear simulacrum (IceCv)
  3 troll simulacra
  4 spriggan simulacra
  2 wolf simulacra (IceCv)
  2 ogre zombies (Ossuary)
  14 gnolls
  7 adders
  5 naga simulacra
  6 white imps
  3 ufetubi (IceCv)
  2 adder zombies (Ossuary)
  2 worms
  66 orcs
  8 endoplasms
  2 giant cockroaches (D:4)
  11 goblins
  5 hobgoblins
  27 kobolds
  6 ball pythons
  5 bats
  2 frilled lizards
  A gnoll zombie (Ossuary)
  4 goblin zombies (Ossuary)
  2 hobgoblin zombies (Ossuary)
  3 orc zombies (Ossuary)
  3 rats
1227 creatures vanquished.

Vanquished Creatures (collateral kills)
  A tarantella (Spider:3)
  A jumping spider (Spider:3)
  A culicivora (Spider:3)
  A redback (Spider:1)
4 creatures vanquished.

Vanquished Creatures (others)
  An orc wizard (Orc:2)
  A white imp (IceCv)
  17 fungi
  37 plants
56 creatures vanquished.

Grand Total: 1287 creatures vanquished

Table legend:
 A = Non-vault XP
 B = Vault XP
 C = Vault XP percentage of total XP
 D = Non-vault monster count
 E = Vault monster count
 F = Vault count percentage of total count
                 A         B        C        D         E       F
            +---------+---------+-------+---------+---------+-------
      Total |  218453 |  247502 |  53.1 |     690 |     542 |  44.0
            +---------+---------+-------+---------+---------+-------
        D:1 |      35 |       0 |   0.0 |      22 |       0 |   0.0
        D:2 |      99 |      35 |  26.1 |      11 |       1 |   8.3
        D:3 |      66 |       3 |   4.3 |      13 |       2 |  13.3
        D:4 |     326 |     710 |  68.5 |      15 |      13 |  46.4
        D:5 |     258 |       0 |   0.0 |      11 |       0 |   0.0
        D:6 |     835 |       0 |   0.0 |      20 |       0 |   0.0
        D:7 |    1493 |       0 |   0.0 |      18 |       0 |   0.0
        D:8 |    1296 |     547 |  29.7 |      25 |       3 |  10.7
        D:9 |    1325 |    1250 |  48.5 |      25 |       5 |  16.7
       D:10 |    2074 |    3015 |  59.2 |      14 |      13 |  48.1
       D:11 |    4213 |   16196 |  79.4 |      16 |      32 |  66.7
       D:12 |    5480 |       0 |   0.0 |      11 |       0 |   0.0
       D:13 |    7341 |    1330 |  15.3 |      20 |      11 |  35.5
       D:14 |    9365 |    6325 |  40.3 |      26 |       8 |  23.5
       D:15 |    8024 |    4846 |  37.7 |      22 |       4 |  15.4
     Lair:1 |    2218 |     768 |  25.7 |      10 |       7 |  41.2
     Lair:2 |    6886 |    5668 |  45.1 |      25 |      17 |  40.5
     Lair:3 |    6865 |     559 |   7.5 |      21 |       5 |  19.2
     Lair:4 |    6777 |       0 |   0.0 |      22 |       0 |   0.0
     Lair:5 |   14303 |   12233 |  46.1 |      40 |      36 |  47.4
   Spider:1 |   13633 |   12176 |  47.2 |      41 |      22 |  34.9
   Spider:2 |   11483 |       0 |   0.0 |      35 |       0 |   0.0
   Spider:3 |   31836 |   10063 |  24.0 |      71 |      24 |  25.3
   Spider:4 |   10490 |   18703 |  64.1 |      25 |      34 |  57.6
      Orc:1 |     665 |       0 |   0.0 |      12 |       0 |   0.0
      Orc:2 |    2575 |    7063 |  73.3 |      21 |      72 |  77.4
   Vaults:1 |   14858 |   26300 |  63.9 |      27 |      31 |  53.4
   Vaults:2 |   22616 |   18551 |  45.1 |      29 |      18 |  38.3
   Vaults:3 |   14395 |   26510 |  64.8 |      19 |      37 |  66.1
   Vaults:4 |   16388 |   41593 |  71.7 |      22 |      56 |  71.8
   Vaults:5 |     235 |   22310 |  99.0 |       1 |      26 |  96.3
    Ossuary |       0 |     735 | 100.0 |       0 |      25 | 100.0
      IceCv |       0 |    5469 | 100.0 |       0 |      32 | 100.0
   Gauntlet |       0 |    4544 | 100.0 |       0 |       8 | 100.0
            +---------+---------+-------+---------+---------+-------

Illustrated notes

Table legend:
 A = Kills in this place as a percentage of kills in entire the game.
 B = Kills by you in this place as a percentage of kills by you in the entire game.
 C = Kills by friends in this place as a percentage of kills by friends in the entire game.
 D = Other kills in this place as a percentage of other kills in the entire game.
 E = Experience gained in this place as a percentage of experience gained in the entire game.
 F = Experience gained in this place divided by the number of levels of this place that you have seen.
                   A       B       C       D       E      F
               +-------+-------+-------+-------+-------+----------------------
         Total | 100.0 | 100.0 | 100.0 | 100.0 | 100.0 | 13704.6
       Dungeon |  29.3 |  29.4 |   0.0 |   0.0 |  16.4 | 5099.1
          Lair |  14.9 |  14.9 |   0.0 |   0.0 |  12.1 | 11255.4
   Spider Nest |  20.5 |  20.2 | 100.0 |   0.0 |  23.3 | 27096.0
  Orcish Mines |   8.5 |   8.6 |   0.0 |   0.0 |   2.2 | 5151.5
        Vaults |  21.6 |  21.7 |   0.0 |   0.0 |  43.7 | 40751.2
       Ossuary |   2.0 |   2.0 |   0.0 |   0.0 |   0.2 | 735.0
      Ice Cave |   2.6 |   2.5 |   0.0 | 100.0 |   1.2 | 5469.0
      Gauntlet |   0.6 |   0.7 |   0.0 |   0.0 |   1.0 | 4544.0
               +-------+-------+-------+-------+-------+----------------------

Table legend: (Time is in decaauts)
 A = Elapsed time spent in this place.
 B = Non-inter-level travel time spent in this place.
 C = Inter-level travel time spent in this place.
 D = Time resting spent in this place.
 E = Time spent auto-exploring this place.
 F = Levels seen in this place.
 G = Mean time per level.
                   A        B        C        D        E       F      G
               +--------+--------+--------+--------+--------+-----+--------+
         Total |  42504 |  40818 |   1686 |   9322 |  22197 |  34 | 1250.1 |
       Dungeon |  18122 |  17161 |    961 |   3189 |  10865 |  15 | 1208.1 |
          Lair |   5698 |   5442 |    256 |    398 |   3976 |   5 | 1139.6 |
   Spider Nest |   6263 |   6008 |    255 |   1620 |   2199 |   4 | 1565.8 |
  Orcish Mines |   3907 |   3835 |     72 |   1719 |   1062 |   2 | 1953.5 |
        Vaults |   6787 |   6647 |    140 |   1802 |   3668 |   5 | 1357.4 |
       Ossuary |    592 |    592 |      0 |    308 |     75 |   1 |  592.0 |
      Ice Cave |    439 |    439 |      0 |     91 |     86 |   1 |  439.0 |
      Gauntlet |    693 |    693 |      0 |    193 |    263 |   1 |  693.0 |
               +--------+--------+--------+--------+--------+-----+--------+

Top non-repeatable levels by time:
   Orc:2: 2921 daAuts
Spider:3: 2516 daAuts
Vaults:4: 2298 daAuts
     D:7: 1964 daAuts
     D:8: 1800 daAuts
    D:11: 1718 daAuts
  Lair:5: 1691 daAuts
     D:9: 1672 daAuts
Spider:1: 1598 daAuts
Vaults:2: 1580 daAuts
Vaults:3: 1566 daAuts
    D:14: 1349 daAuts
Vaults:1: 1312 daAuts
Spider:4: 1282 daAuts
     D:1: 1245 daAuts
